 Dungeon Crawl Stone Soup version 0.30-a0-390-g80c34de65d (webtiles) character file.

Game seed: 17892663116769269333

25007 NinjaNoafa the Nimble (level 13, 0/103 HPs)
             Began as a Barachi Hunter on Dec 4, 2022.
             Was a Follower of Uskayaw.
             Slain by a fire crab (2 damage)
             ... on level 3 of the Lair of Beasts.
             The game lasted 00:50:17 (16360 turns).

NinjaNoafa the Nimble (Barachi Hunter)             Turns: 16360, Time: 00:50:18

Health: 0/103      AC: 18    Str: 12    XL:     13   Next: 16%
Magic:  15/18      EV: 15    Int: 11    God:    Uskayaw [*.....]
Gold:   563        SH: 14    Dex: 22    Spells: 12/12 levels left

rFire   . . .      SeeInvis +    b - +9 dagger "Ceivvuf" {drain, Will+ rCorr Int+2 SInv}
rCold   + . .      Faith    .    k - +1 kite shield {AC+3}
rNeg    . . .      Spirit   .    p - +3 scale mail {Will+}
rPois   .          Reflect  .    L - +0 hat {Will+}
rElec   .          Harm     .    (no cloak)
rCorr   +          Rampage  .    y - +2 pair of gloves
Will    +++..                    w - +0 pair of boots
Stlth   ++........               (no amulet)
HPRegen 0.37/turn                r - ring of resist corrosion
MPRegen 0.16/turn                n - ring of protection from cold

@: slow
A: amphibious, slowness 1, strong legs 2, +LOS
a: Hop, Renounce Religion, Stomp


You were on level 3 of the Lair of Beasts.
You worshipped Uskayaw.
Uskayaw was noncommittal.
You visited 3 branches of the dungeon, and saw 17 of its levels.
You also visited: Ossuary.

You collected 832 gold pieces.
You spent 269 gold pieces at shops.

Inventory:

Hand Weapons
 a - a +1 sling
 b - the +9 dagger "Ceivvuf" (weapon) {drain, Will+ rCorr Int+2 SInv}
   (You found it on level 3 of the Dungeon)

   A truly terrible weapon, it drains the life of any living foe it strikes.
   Int:       It affects your intelligence (+2).
   SInv:      It lets you see invisible.
   rCorr:     It protects you from acid and corrosion.
   Will:      It increases your willpower.
Missiles
 d - 113 stones
 j - 6 javelins
 q - a throwing net
 B - 4 boomerangs (quivered)
 N - 2 poisoned darts
Armour
 k - a +1 kite shield of protection (worn)
 p - a +3 scale mail of willpower (worn)
 w - a +0 pair of boots (worn)
 y - a +2 pair of gloves (worn)
 L - a +0 hat of willpower (worn)
Jewellery
 n - a ring of protection from cold (right hand)
 r - a ring of resist corrosion (left hand)
 R - a ring of see invisible
Wands
 z - a wand of polymorph (8)
 D - a wand of roots (15)
 G - a wand of flame (11)
 H - a wand of paralysis (13)
 I - a wand of mindburst (11)
 M - a wand of digging (5)
Scrolls
 f - 2 scrolls of poison
 i - 4 scrolls of vulnerability
 l - 2 scrolls of amnesia
 t - 2 scrolls of fear
 u - 13 scrolls of teleportation
 x - 3 scrolls of immolation
 A - a scroll of noise
 E - a scroll of blinking
 F - a scroll of fog
 K - 2 scrolls of silence
 P - 2 scrolls of brand weapon {unknown}
 S - a scroll of identify
Potions
 c - 6 potions of attraction
 e - 3 potions of curing
 g - a potion of lignification
 h - 3 potions of mutation
 m - a potion of ambrosia {unknown}
 o - a potion of haste
 s - 5 potions of flight
 v - a potion of brilliance
 C - 2 potions of magic
 J - a potion of cancellation {unknown}
 Q - a potion of invisibility {unknown}


   Skills:
 - Level 10.0 Fighting
 - Level 10.0 Short Blades
 - Level 4.2 Ranged Weapons
 + Level 6.0 Armour
 + Level 11.8 Dodging
 - Level 6.0 Stealth
 + Level 9.4 Shields
 + Level 7.4 Invocations
 - Level 5.0 Evocations


You had 12 spell levels left.
You didn't know any spells.
Your spell library contained the following spells:

 Spells                   Type           Power      Damage    Failure   Level
 Slow                     Hex            0%         N/A       98%         1
 Summon Small Mammal      Summ           0%         N/A       98%         1
 Cigotuvi's Dreadful Rot  Necr/Pois/Air  0%         N/A       99%         2
 Poisonous Vapours        Pois/Air       0%         N/A       99%         2
 Call Canine Familiar     Summ           0%         N/A       100%        3
 Confusing Touch          Hex            0%         N/A       100%        3
 Ignite Poison            Fire/Tmut/Pois 0%         N/A       100%        3
 Mephitic Cloud           Conj/Pois/Air  0%         N/A       100%        3
 Summon Guardian Golem    Hex/Summ       0%         N/A       100%        3
 Vampiric Draining        Necr           0%         2d6       100%        3
 Sticky Flame             Conj/Fire      0%         2d3       100%        4
 Ignition                 Fire           0%         3d3       100%        8


Dungeon Overview and Level Annotations

Branches:
Dungeon (11/15)            Temple (1/1) D:6            Lair (5/5) D:11
  Swamp (0/4) Lair:2        Snake (0/4) Lair:2      Ossuary (visited)
  Slime: Lair:4-5       Orc: D:9-12

Altars:
Ashenzari
Cheibriados
Dithmenos
Elyvilon
Fedhas
Gozag
Hepliaklqana
Kikubaaqudgha
Makhleb
Nemelex Xobeh
Okawaru
Qazlal
Ru
Sif Muna
Trog
Uskayaw
Vehumet
Wu Jian
Xom
Yredelemnul
Zin
The Shining One

Shops:
D:10 :?(

Annotations:
D:3 2 transporters, WNRobin's ghost, amateur NaWn
D:11 Erolcha; Josephine; Snorg


Innate Abilities, Weirdness & Mutations

You are amphibious.
You cover ground slowly.
You can hop long distances.
You have an extended range of vision and can be seen from far away.


Message History

S - a scroll of identify You are engulfed in blazing flames.
You are engulfed in blazing flames.
The fire crab bites you!
You are engulfed in flames!
* * * LOW HITPOINT WARNING * * *
You block the fire crab's attack.
The fire crab bites you but does no damage.
The fire crab claws you but does no damage.
You feel much better. The fire crab barely misses you. x2
You hit the fire crab. You drain the fire crab.
The fire crab is lightly wounded.
The fire crab breathes flames at you. The blast of flame engulfs you.
You hit the fire crab. You drain the fire crab.
The fire crab is moderately wounded.
You are engulfed in blazing flames.
You puncture the fire crab! You drain the fire crab.
The fire crab is heavily wounded.
You are engulfed in blazing flames.
* * * LOW HITPOINT WARNING * * *
The fire crab closely misses you. You block the fire crab's attack.
You can now pass through a line of other dancers.
You stomp with the beat, sending a shockwave through the revellers around you!
The fire crab is severely wounded.
You can no longer pass through a line of other dancers.
You are engulfed in blazing flames.
* * * LOW HITPOINT WARNING * * *
The fire crab bites you but does no damage.
The fire crab completely misses you.
You feel better.
You are engulfed in blazing flames.
The fire crab breathes flames at you.
The blast of flame engulfs you but does no damage.
You are engulfed in blazing flames.
* * * LOW HITPOINT WARNING * * *
The fire crab bites you but does no damage.
The fire crab closely misses you.
You feel better.
You are engulfed in blazing flames.
* * * LOW HITPOINT WARNING * * *
The fire crab closely misses you. The fire crab claws you.
You die...

...#.~~~~~~~........##
.....~P~~~~~.........
.....~~~~~~~........
..#....†.....#..#.#
###.P............#
.#.#.............###
..................P#
..................##
...#...........°@°.#
...###......###t.°##
#...#.##....P°#°°°.#.##
##.##.........°..°°.....
..................###.#.
....#...#.###.....# ..
.#..#...## ####.#.# #.
........# ...... .......
# #.#<#.#


You could see a fire crab (drained).

Vanquished Creatures
  Gastronok (Lair:3)
  3 hydras
  Erica (D:9)
  2 boulder beetles
  A tengu warrior (D:11)
  Urug (Lair:3)
  Amaemon (Lair:3)
  2 deep elf pyromancers
  A cyclops (D:10)
  A black mamba (Lair:1)
  A torpor snail (Lair:1)
  An orange demon (Lair:3)
  10 cane toads
  A komodo dragon (Lair:2)
  Psyche (D:9)
  2 rime drakes
  3 polar bears
  2 trolls
  3 blink frogs (Lair:3)
  21 yaks
  3 wraiths
  A wyvern (Lair:3)
  A vampire (D:11)
  A water elemental (D:11)
  2 vampire mosquitoes
  2 basilisks
  A steam dragon (D:10)
  14 water moccasins
  An acid dragon (D:8)
  2 nagas (Lair:2)
  An orc warrior (D:10)
  4 ice beasts
  A sky beast (D:6)
  A black bear (D:8)
  An ogre (D:4)
  3 wolves (Lair:1)
  4 centaurs
  2 phantoms (D:5)
  11 bullfrogs
  2 necrophages
  2 scorpions
  10 wights
  16 killer bees
  4 howler monkeys (D:10)
  6 electric eels
  A centaur zombie (Ossuary)
  A jelly (D:8)
  A gnoll bouda (D:3)
  4 hounds
  3 orc priests
  4 iguanas
  2 orc wizards
  A statue (D:8)
  8 gnolls
  11 adders
  A white imp (D:5)
  An ufetubus (D:7)
  An adder zombie (Ossuary)
  2 worms (D:2)
  26 orcs
  6 ball pythons
  A bat (D:1)
  7 endoplasms
  2 giant cockroaches
  6 goblins
  3 hobgoblins
  4 kobolds
  3 quokkas
  A ball python skeleton (Ossuary)
  3 frilled lizards
  A hobgoblin skeleton (Ossuary)
  A kobold zombie (Ossuary)
  2 orc skeletons (Ossuary)
  5 rats
267 creatures vanquished.

Vanquished Creatures (others)
  A wyvern (Lair:3)
  8 fungi
  35 plants
44 creatures vanquished.

Grand Total: 311 creatures vanquished

Notes
Turn   | Place    | Note
-------+----------+-------------------------------------------
     0 | D:1      | NinjaNoafa the Barachi Hunter began the quest for the Orb.
     0 | D:1      | Reached XP level 1. HP: 17/17 MP: 1/1
    31 | D:1      | Reached skill level 1 in Armour
   186 | D:1      | Reached XP level 2. HP: 23/23 MP: 2/2
   955 | D:2      | Found a faded altar of an unknown god.
  1171 | D:2      | Reached XP level 3. HP: 28/28 MP: 3/3
  1809 | D:3      | Identified the +9 dagger "Ceivvuf" {drain, Will+ rCorr
                  | Int+2 SInv}
  1930 | D:3      | Reached XP level 4. HP: 32/34 MP: 4/4
  1989 | D:3      | Found a white marble altar of Elyvilon.
  2023 | D:3      | Reached skill level 1 in Stealth
  2139 | D:4      | Identified the +0 mace of Forgiveness {elec, rC+ Stlth+}
  2192 | D:4      | Reached skill level 1 in Short Blades
  2201 | D:4      | Reached XP level 5. HP: 34/41 MP: 5/5
  2499 | D:4      | Noticed an ogre
  2502 | D:4      | Killed an ogre
  2503 | D:4      | Reached skill level 3 in Dodging
  2503 | D:4      | Reached XP level 6. HP: 47/47 MP: 6/6
  2819 | D:3      | Found a transporter.
  2820 | D:3      | Noticed WNRobin's ghost (amateur NaWn)
  2821 | D:3      | Found a transporter.
  3658 | D:3      | Reached XP level 7. HP: 12/55 MP: 7/7
  3894 | D:4      | Reached skill level 4 in Dodging
  4515 | D:5      | Entered Level 5 of the Dungeon
  4694 | D:5      | Found a blossoming altar of Fedhas.
  4891 | D:5      | Reached skill level 1 in Shields
  4930 | D:5      | Found an ornate altar of the Wu Jian Council.
  4930 | D:5      | Found a faded altar of an unknown god.
  4940 | D:5      | Found a faded altar of an unknown god.
  4942 | D:5      | Found a sparkling altar of Nemelex Xobeh.
  4944 | D:5      | Found a stormy altar of Qazlal.
  5081 | D:5      | Reached skill level 5 in Fighting
  5201 | D:5      | Reached XP level 8. HP: 63/63 MP: 8/8
  5235 | D:5      | Reached skill level 5 in Dodging
  5707 | D:6      | Reached skill level 5 in Short Blades
  5774 | D:6      | Found a staircase to the Ecumenical Temple.
  5804 | Temple   | Entered the Ecumenical Temple
  5938 | D:6      | Reached skill level 6 in Dodging
  6046 | D:6      | Found a broken altar of Ashenzari.
  6077 | D:6      | Reached XP level 9. HP: 69/69 MP: 9/9
  6271 | D:6      | Found a hide-covered altar of Uskayaw.
  6337 | D:6      | Became a worshipper of Uskayaw the Reveller
  6360 | D:6      | Reached * piety under Uskayaw
  6516 | D:6      | Found a sacrificial altar of Ru.
  6542 | D:6      | Reached ** piety under Uskayaw
  6634 | D:6      | Found a shimmering altar of Xom.
  6667 | D:6      | Reached *** piety under Uskayaw
  6996 | D:7      | Found a hazy altar of Hepliaklqana.
  7870 | D:8      | Found a sand-covered staircase.
  7877 | Ossuary  | Entered an ossuary
  8223 | Ossuary  | Reached skill level 5 in Stealth
  8406 | D:7      | Reached skill level 7 in Dodging
  8768 | D:8      | Identified the +0 pair of boots of Xaemomp {rElec rN+}
  8885 | D:8      | Reached XP level 10. HP: 79/79 MP: 10/10
  8913 | D:8      | Reached **** piety under Uskayaw
  8935 | D:8      | Found a radiant altar of Vehumet.
  8985 | D:9      | Noticed Psyche
  9119 | D:9      | Killed Psyche
  9185 | D:9      | Found a glowing golden altar of the Shining One.
  9185 | D:9      | Found a shadowy altar of Dithmenos.
  9775 | D:8      | Reached skill level 1 in Evocations
  9790 | D:9      | Reached skill level 1 in Invocations
  9803 | D:9      | Reached skill level 8 in Dodging
 10239 | D:9      | Noticed Erica
 10254 | D:9      | Killed Erica
 10263 | D:9      | Reached ***** piety under Uskayaw
 10647 | D:10     | Entered Level 10 of the Dungeon
 10647 | D:10     | Noticed a deep elf pyromancer
 10660 | D:10     | Killed a deep elf pyromancer
 10816 | D:10     | Found Hyrhatumm's Weapon Shop.
 10847 | D:10     | Reached skill level 9 in Dodging
 10847 | D:10     | Reached XP level 11. HP: 69/89 MP: 13/13
 11211 | D:10     | Found Raihuv's Book Shop.
 11395 | D:10     | Found an ancient bone altar of Kikubaaqudgha.
 11515 | D:10     | Found Ychugo's Magic Scroll Emporium.
 11524 | D:10     | Bought a scroll of identify for 22 gold pieces
 11524 | D:10     | Bought a scroll of silence for 104 gold pieces
 11524 | D:10     | Bought a scroll of teleportation for 33 gold pieces
 11524 | D:10     | Bought a scroll of teleportation for 33 gold pieces
 11524 | D:10     | Bought a scroll of immolation for 44 gold pieces
 11524 | D:10     | Bought a scroll of teleportation for 33 gold pieces
 11595 | D:11     | Found a sacrificial altar of Ru.
 11595 | D:11     | Found a glowing silver altar of Zin.
 11595 | D:11     | Found a shimmering blue altar of Sif Muna.
 11595 | D:11     | Found a blossoming altar of Fedhas.
 11596 | D:11     | Noticed a boulder beetle
 11596 | D:11     | Noticed a cyclops
 11597 | D:11     | Noticed a deep elf pyromancer
 11729 | D:10     | Killed a boulder beetle
 11778 | D:10     | Killed a cyclops
 11779 | D:10     | Reached skill level 5 in Evocations
 11791 | D:11     | Noticed a tengu warrior
 11798 | D:11     | Reached skill level 10 in Fighting
 11808 | D:11     | Killed a tengu warrior
 11808 | D:11     | Reached ****** piety under Uskayaw
 11812 | D:11     | Killed a deep elf pyromancer
 11956 | D:11     | Found a staircase to the Lair.
 11959 | D:11     | Noticed a centaur warrior
 11959 | D:11     | Noticed a two-headed ogre
 11959 | D:11     | Noticed Erolcha
 11961 | D:11     | Noticed Snorg
 11961 | D:11     | Noticed Josephine
 11984 | D:11     | Reached skill level 10 in Dodging
 12244 | Lair:1   | Entered Level 1 of the Lair of Beasts
 12315 | Lair:1   | Reached skill level 5 in Invocations
 12356 | Lair:1   | Reached skill level 5 in Shields
 12640 | Lair:1   | Reached XP level 12. HP: 40/97 MP: 10/16
 13291 | Lair:1   | Identified the +4 war axe of Akyn {freeze, Str+6}
 13615 | Lair:2   | Noticed a five-headed hydra
 13626 | Lair:2   | Killed a five-headed hydra
 13737 | Lair:2   | Noticed an eight-headed hydra
 13756 | Lair:2   | Killed an eight-headed hydra
 14383 | Lair:2   | Found a staircase to the Snake Pit.
 14502 | Lair:2   | Found a staircase to the Swamp.
 14721 | Lair:2   | Reached skill level 11 in Dodging
 14872 | Lair:3   | Noticed Amaemon
 14872 | Lair:3   | Noticed Urug
 14893 | Lair:3   | Killed Amaemon
 14902 | Lair:3   | Killed Urug
 15275 | Lair:3   | You fall into a shaft and drop 2 floors!
 15275 | Lair:5   | Entered Level 5 of the Lair of Beasts
 15846 | Lair:3   | Noticed a boulder beetle
 15873 | Lair:3   | Reached skill level 5 in Armour
 15917 | Lair:3   | Killed a boulder beetle
 15918 | Lair:3   | Gained mutation: You can hop long distances. [Barachi
                  | growth]
 15918 | Lair:3   | Reached XP level 13. HP: 86/103 MP: 12/18
 16011 | Lair:3   | Reached skill level 10 in Short Blades
 16017 | Lair:3   | Noticed Gastronok
 16031 | Lair:3   | Killed Gastronok
 16360 | Lair:3   | HP: 2/103 [fire crab] (21)]
 16360 | Lair:3   | Slain by a fire crab

Illustrated notes

Levels and vault maps discovered:
D:1:      ebering_trefoil_3fold, layout_basic, minmay_parallelograms
D:2:      layout_loops_corners, nicolae_ecumenical_lake_church,
          kennysheep_path_1
D:3:      layout_basic, general_overflow_altar, gammafunk_ghost_smash,
          minmay_misc_feat_encased
D:4:      layout_layer_cave
D:5:      layout_loops_ring, fedhas_altar_4,
          chequers_temple_overflow_minitemple, minmay_misc_feat_rugged
D:6:      layout_basic, mainiacjoe_overflow_chevrons,
          mainiacjoe_overflow_catwalk, lemuel_crystal_altar,
          nicolae_ru_path_of_blood, minmay_temple_entry_glass,
          corexii_leaking_fountain, kennysheep_big_empty_room
D:7:      layout_loops_ring, mainiacjoe_overflow_tiny_flanked
D:8:      layout_rooms, vehumet_statue, enter_ossuary_3
D:9:      layout_cave_pods, gammafunk_temple_overflow_elements, uniq_erica,
          uniq_psyche
D:10:     layout_loops_cross, mainiacjoe_overflow_six_doors_small, serial_shops,
          nicolae_shop_advertising_works [nicolae_subvault_shop_adworks],
          nicolae_square_shop, shop
D:11:     minmay_the_grid_octo_tiled_squarecenter_mashed
          [minmay_the_grid_octo_shrine, minmay_the_grid_octo_77,
          minmay_the_grid_octo_fan_narrow, minmay_the_grid_octo_tetromino_candy,
          minmay_the_grid_square_5x5_megaprize_hollow,
          minmay_the_grid_square_5x5_inset,
          minmay_the_grid_square_5x5_eight_small,
          minmay_the_grid_square_5x5_eight,
          minmay_the_grid_square_5x5_doubleslash], layout_loops_ring,
          david_orc_2, serial_bayou, serial_bayou_lagoon_a, serial_bayou_pond_c,
          serial_bayou_pond_e, serial_bayou_lake_a, serial_bayou_pond_c,
          nrook_loot_triangle, uniq_josephine, uniq_erolcha, uniq_snorg,
          uniq_maurice
Temple:   nicolae_temple_ecumenical_triangle
Lair:1:   layout_cave_pods, gauntlet_entry_generic, beast_lair_carwin_11
Lair:2:   layout_chaotic_city, swamp_mist, guppyfry_snake_entry_garden,
          columned_hall_lemuel
Lair:3:   layout_gridlike, fungi_pond_lemuel, st_stairs_9, nzn_sisyphean_effort,
          grunt_megastairs_2, uniq_amaemon, uniq_urug, uniq_gastronok
Lair:4:   layout_long_grid, kennysheep_rathole, serial_bayou_shore_a
Lair:5:   hangedman_lair_in_review, layout_regular_city, slime_entry_1,
          ebering_ghost_reflecting_pool, minivault_23, lemuel_fruit_fields

Skill      XL: |  1  2  3  4  5  6  7  8  9 10 11 12 13 |
---------------+----------------------------------------+-----
Armour         | 1 3 4 5 6 |  6.0
Stealth        | 1 2 3 6 |  6.0
Short Blades   | 1 2 4 6 7 8 9 10 | 10.0
Fighting       | 3 4 5 6 7 9 10 | 10.0
Dodging        | 3 4 6 7 9 10 11 | 11.8
Shields        | 2 4 6 9 |  9.4
Evocations     | 4 5 |  5.0
Invocations    | 3 5 7 |  7.4
Ranged Weapons | |  4.2

Action                   |  1- 3 |  4- 6 |  7- 9 | 10-12 | 13-15 || total
-------------------------+-------+-------+-------+-------+-------++-------
Melee: Dagger            |       |    59 |   212 |   524 |    40 ||   835
       Unarmed           |       |     2 |       |       |       ||     2
 Fire: Shortbow          |    93 |    29 |       |       |       ||   122
       Sling             |       |    40 |   126 |    55 |     7 ||   228
Throw: Boomerang         |       |       |       |    11 |       ||    11
       Javelin           |       |       |       |     8 |       ||     8
       Dart              |       |       |       |     4 |       ||     4
Invok: Stomp             |       |       |       |     6 |     1 ||     7
       Line Pass         |       |       |       |     1 |       ||     1
 Abil: Hop               |     7 |     6 |     9 |    11 |       ||    33
Evoke: Wand              |       |       |       |    24 |       ||    24
  Use: Potion            |       |     2 |       |     5 |     3 ||    10
       Scroll            |       |     1 |     1 |    18 |       ||    20
 Stab: Sleeping          |       |     1 |     7 |     7 |       ||    15
       Paralysed         |       |       |     3 |    26 |     2 ||    31
       Distracted        |       |       |       |     1 |       ||     1
       Confused          |       |       |       |     1 |       ||     1
Armor: Leather armour    |    13 |    12 |    45 |       |       ||    70
       Skin              |       |    31 |       |       |       ||    31
       Robe              |       |       |     1 |     1 |       ||     2
       Acid dragon scale |       |       |       |   107 |       ||   107
       Scale mail        |       |       |       |    18 |    29 ||    47
Dodge: Dodged            |    38 |    56 |   154 |   367 |    31 ||   646
Block: Buckler           |       |    16 |    73 |    53 |       ||   142
       Kite shield       |       |       |       |   226 |    38 ||   264

Table legend: (Time is in decaauts)
 A = Elapsed time spent in this place.
 B = Non-inter-level travel time spent in this place.
 C = Inter-level travel time spent in this place.
 D = Time resting spent in this place.
 E = Time spent auto-exploring this place.
 F = Levels seen in this place.
 G = Mean time per level.
                   A        B        C        D        E       F      G
               +--------+--------+--------+--------+--------+-----+--------+
         Total |  18227 |  17463 |    764 |   1033 |  13165 |  18 | 1012.6 |
       Dungeon |  13221 |  12694 |    527 |    850 |   9548 |  11 | 1201.9 |
        Temple |     53 |     37 |     16 |      0 |     31 |   1 |   53.0 |
          Lair |   4468 |   4248 |    220 |    183 |   3285 |   5 |  893.6 |
       Ossuary |    484 |    484 |      0 |      0 |    300 |   1 |  484.0 |
               +--------+--------+--------+--------+--------+-----+--------+

Top non-repeatable levels by time:
     D:4: 1790 daAuts
     D:6: 1658 daAuts
  Lair:1: 1594 daAuts
  Lair:2: 1460 daAuts
     D:3: 1313 daAuts
     D:9: 1256 daAuts
    D:10: 1245 daAuts
     D:8: 1204 daAuts
     D:5: 1148 daAuts
     D:2: 1144 daAuts
     D:1: 1051 daAuts
     D:7: 921 daAuts
  Lair:3: 868 daAuts
    D:11: 487 daAuts
 Ossuary: 484 daAuts
